 Dungeon Sprint DCSS version 0.25.0-26-g0c896c7 (webtiles) character file.

Game seed: 7081502480473178115

0 rsdestructor the Sneak (level 1, -10/10 HPs)
             Began as a Spriggan Assassin on July 5, 2020.
             Mangled by a merfolk siren
             ... wielding a +0 spear
              (18 damage)
             ... in the Dungeon (Sprint II: "The Violet Keep of Menkaure").
             The game lasted 00:00:19 (21 turns).

rsdestructor the Sneak (Spriggan Assassin)            Turns: 21, Time: 00:00:19

Health: -10/10     AC:  3    Str:  7    XL:     1   Next: 0%
Magic:  2/2        EV: 17    Int: 12    God:
Gold:   0          SH:  0    Dex: 17    Spells: 0/0 levels left

rFire    . . .     SeeInvis +   a - +2 dagger
rCold    . . .     Gourm    .   (shield restricted)
rNeg     . . .     Faith    .   b - +0 robe
rPois    .         Spirit   .   (helmet restricted)
rElec    .         Reflect  .   c - +0 cloak
rCorr    .         Harm     .   (gloves unavailable)
MR       .....     NoTele   +   (boots unavailable)
Stlth    +++.......             (no amulet)
HPRegen  0.03/turn              (no ring)
MPRegen  0.08/turn              (no ring)

@: mesmerised, very quick
A: very small, unfitting armour, see invisible, herbivore, speed 3, slow
metabolism 2
a: no special abilities


You were in the Dungeon.
You were not hungry.

You visited 1 branch

Inventory:

Hand Weapons
 a - a +2 dagger (weapon)
Missiles
 d - 8 poisoned darts (quivered)
 e - 2 curare-tipped darts
Armour
 b - a +0 robe (worn)
 c - a +0 cloak (worn)
Scrolls
 l - a scroll of blinking
Potions
 g - a potion of curing
 h - a potion of heal wounds
 i - a potion of haste
 j - 2 potions of magic
 k - a potion of berserk rage
Comestibles
 f - a ration


   Skills:
 - Level 1.5 Fighting
 - Level 2.1 Short Blades
 - Level 2.0 Throwing
 - Level 1.5 Dodging
 + Level 5.8 Stealth


You couldn't memorise any spells.
You didn't know any spells.
Your spell library was empty.

Dungeon Overview and Level Annotations

Branches:
Dungeon (1/1)

Altars:


Innate Abilities, Weirdness & Mutations

You are very small and have problems with some larger weapons.
You are too small for most types of armour.
You have supernaturally acute eyesight. (SInv)
You are a herbivore.
You cover ground extremely quickly.
You need to consume almost no food.


Message History

There is an open door here.
The merfolk siren hits you with a +0 spear.
You barely miss the merfolk siren.
The merfolk siren chants a haunting song.
You are mesmerised by the merfolk siren!
You closely miss the merfolk siren. The merfolk siren barely misses you.
You barely miss the merfolk siren.
The merfolk siren chants its luring song.
You closely miss the merfolk siren.
The merfolk siren chants its luring song.
You hit the merfolk siren.
The merfolk siren is lightly wounded.
You barely miss the merfolk siren.
The merfolk siren is lightly wounded.
The merfolk siren chants its luring song.
You closely miss the merfolk siren.
The merfolk siren is lightly wounded.
The merfolk siren hits you with a +0 spear!!
Ouch! That really hurt!
You die...

## ##
##.###+# #.#
#...##.##aa#
+.#$'.<.+#
#.m@##.##.a#
##.###+# #a#
## ##


You could see a merfolk siren (mesmerising).

Vanquished Creatures (others)
  A crocodile (D)
1 creature vanquished.

Notes
Turn   | Place    | Note
-------+----------+-------------------------------------------
     0 | D        | rsdestructor the Spriggan Assassin began the quest for the
                  | Orb.
     0 | D        | Reached XP level 1. HP: 10/10 MP: 2/2
     1 | D        | Noticed a worker ant
     1 | D        | Noticed a worker ant
     1 | D        | Noticed a worker ant
     1 | D        | Noticed a worker ant
    12 | D        | Noticed a merfolk siren
    18 | D        | Killed a crocodile
    21 | D        | Mangled by a merfolk siren

Illustrated notes

Levels and vault maps discovered:
D:        the_violet_keep_of_menkaure [sprint2_stairs_cluster_1,
          sprint2_shoproom, sprint2_temple, sprint2_basic_supplies,
          sprint2_obstacle_7, sprint2_obstacle_5, sprint2_obstacle_2,
          sprint2_obstacle_3, sprint2_obstacle_6, sprint2_timed_cluster_1,
          sprint2_smallroom_cluster_1, sprint2_smallroom_final_cluster_1,
          sprint2_transparent_cluster_1, sprint2_second_timed_cluster_1,
          sprint2_sniper_area_1, sprint2_heavy_combat_area_1,
          sprint2_mutation_trap_area_1, sprint2_forest_area_1,
          sprint2_light_combat_area_1, sprint2_behind_water_1,
          sprint2_near_end_vault_1]

Action                   || total
-------------------------++-------
Melee: Dagger            ||     7
Dodge: Dodged            ||     1
